 Dungeon Crawl Stone Soup version 0.29.0-13-gc9e81de378 (webtiles) character file.

Game seed: 15826163856039088800

92295 sanka the Alchemist (level 15, -3/205 HPs)
             Began as a Purple Draconian Transmuter on Sept 8, 2022.
             Was the Champion of the Shining One.
             Slain by a death yak (19 damage)
             ... summoned by a spriggan berserker
             ... on level 1 of the Depths.
             The game lasted 00:55:21 (20176 turns).

sanka the Alchemist (Purple Draconian Transmuter)  Turns: 20176, Time: 00:55:22

Health: -3/205     AC: 23    Str: 25    XL:     15   Next: 57%
Magic:  0/25       EV: 10    Int: 19    God:    the Shining One [******]
Gold:   1313       SH:  0    Dex: 11    Spells: 4/28 levels left

rFire   . . .      SeeInvis .     - Unarmed
rCold   . . .      Faith    .   (shield currently unavailable)
rNeg    + + +      Spirit   .   (body armour unavailable)
rPois   +          Reflect  .   (helmet currently unavailable)
rElec   .          Harm     .   (cloak currently unavailable)
rCorr   .          Rampage  .   (gloves currently unavailable)
Will    ++...                   (boots currently unavailable)
Stlth   +.........              A - amulet of regeneration
HPRegen 1.24/turn               G - ring of wizardry
MPRegen 0.19/turn               M - +4 ring of protection

@: dragon-form, wereblooded, flying, glowing
A: dragon claw, dragon scales, flying, boosted hp, breathe power, AC +9, giant,
unfitting armour, (cold-blooded)
a: Breathe Dispelling Energy, End Transformation, Renounce Religion, Divine
Shield, Cleansing Flame, Summon Divine Warrior, Brand Weapon With Holy Wrath


You were on level 1 of the Depths.
You worshipped the Shining One.
The Shining One was exalted by your worship.
You were a fearsome quicksilver dragon!
You visited 3 branches of the dungeon, and saw 17 of its levels.
You also visited: Bailey and Ice Cave.

You collected 1565 gold pieces.
You spent 252 gold pieces at shops.


Innate Abilities, Weirdness & Mutations

You are a fearsome quicksilver dragon!
You have a powerful clawing attack.
Your giant scaled body is strong and resiliant, but less evasive.
Your breath weapon is enhanced in this form.
You are flying.
Your maximum health is greatly increased.
Your armour is entirely melded.
You are incapable of wielding weapons or throwing items.
You can breathe bolts of dispelling energy.
Your rich purple scales are hard. (AC +9)
You cannot fit into any form of body armour.
((You are cold-blooded and may be slowed by cold attacks.))


   Skills:
 + Level 13.9 Fighting
 - Level 10.0 Dodging
 + Level 13.6 Unarmed Combat
 - Level 7.0 Spellcasting
 - Level 3.0 Conjurations
 - Level 15.0 Transmutations
 - Level 4.0 Earth Magic
 + Level 10.3 Invocations


You had 4 spell levels left.
You knew the following spells:

 Your Spells              Type           Power      Damage    Failure   Level
c - Petrify               Tmut/Erth      42%        N/A       1%          4
u - Statue Form           Tmut/Erth      28%        N/A       12%         6
y - Wereblood             Tmut           59%        N/A       1%          2
C - Irradiate             Conj/Tmut      20%        3d18      2%          5
X - Dragon Form           Tmut           29%        N/A       8%          7

Your spell library contained the following spells:

 Spells                   Type           Power      Damage    Failure   Level
 Beastly Appendage        Tmut           100%       N/A       0%          1
 Spider Form              Tmut/Pois      35%        N/A       1%          3
 Ice Form                 Ice/Tmut       35%        N/A       1%          4
 Shock                    Conj/Air       48%        1d6       2%          1
 Static Discharge         Conj/Air       12%        3-5/arc   3%          2
 Blink                    Tloc           12%        N/A       6%          2
 Sublimation of Blood     Necr           6%         N/A       6%          2
 Dazzling Flash           Conj/Hex       24%        N/A       6%          3
 Frozen Ramparts          Ice            12%        1d2       12%         3
 Lesser Beckoning         Tloc           6%         N/A       12%         3
 Ozocubu's Armour         Ice            6%         N/A       12%         3
 Tukima's Dance           Hex            6%         N/A       12%         3
 Cause Fear               Hex            3%         N/A       36%         4
 Corpse Rot               Necr/Pois/Air  6%         N/A       36%         4
 Passage of Golubria      Tloc           6%         N/A       36%         4
 Summon Ice Beast         Ice/Summ       6%         N/A       36%         4
 Yara's Violent Unravell  Hex/Tmut       17%        3d8       5%          5
 Fireball                 Conj/Fire      6%         3d5       50%         5
 Lightning Bolt           Conj/Air       6%         1d18      50%         5
 Freezing Cloud           Conj/Ice/Air   5%         6-21      56%         5
 Agony                    Necr           6%         N/A       69%         5
 Manifold Assault         Tloc           6%         N/A       69%         5
 Metabolic Englaciation   Hex/Ice        3%         N/A       69%         5
 Silence                  Hex/Air        3%         N/A       69%         5
 Starburst                Conj/Fire      6%         6d4       96%         6
 Simulacrum               Ice/Necr       3%         N/A       99%         6
 Ozocubu's Refrigeration  Ice            3%         4d8       100%        7
 Ignition                 Fire           3%         3d4       100%        8
 Lehudib's Crystal Spear  Conj/Erth      9%         10d4      100%        8
 Maxwell's Capacitive Co  Air            3%         ∞         100%        8
 Dragon's Call            Summ           3%         N/A       100%        9
 Polar Vortex             Ice            3%         N/A       100%        9

Inventory:

Hand Weapons
 a - the +10 sling "Leviticus" {venom, rF++ Dex-5} Any ammunition fired from it poisons the flesh of those it strikes. Dex: It affects your dexterity (-5). rF: It greatly protects you from fire.
 b - the +3 woodcutter's axe {vorpal}

   It inflicts extra damage upon your enemies.
 C - the +4 sling "Doogujul" {venom, rC+ rCorr Dex-4} Any ammunition fired from it poisons the flesh of those it strikes. Dex: It affects your dexterity (-4). rC: It protects you from cold. rCorr: It protects you from acid and corrosion.
Missiles
 j - 10 curare-tipped darts {=f}
 J - 4 silver javelins
Armour
 c - a +2 pair of boots (melded)
 o - a +2 pair of gloves (melded)
 u - a +2 cloak of cold resistance (melded)
Magical Staves
 W - a staff of air
 X - a staff of earth
Jewellery
 s - an amulet of magic regeneration
 w - a ring of see invisible
 A - an amulet of regeneration (around neck)
 G - a ring of wizardry (left foreclaw)
 M - a +4 ring of protection (right foreclaw)
 T - a ring of wizardry
Wands
 t - a wand of polymorph (11)
 L - a wand of flame (13)
 O - a wand of digging (12)
 P - a wand of light (2)
 U - a wand of charming (3)
Scrolls
 e - a scroll of fear
 g - 2 scrolls of immolation {!r}
 h - 2 scrolls of teleportation {@r4}
 i - 2 scrolls of summoning
 q - a scroll of enchant armour
 v - 2 scrolls of brand weapon
 x - 3 scrolls of noise {!r}
 y - 2 scrolls of torment {!r}
 E - 4 scrolls of vulnerability {!r}
 F - 6 scrolls of blinking
 I - 2 scrolls of butterflies
 K - 3 scrolls of enchant weapon
 N - 4 scrolls of magic mapping
 Q - a scroll of acquirement
 S - 3 scrolls of silence {!r}
 V - 2 scrolls of poison {!r}
Potions
 d - 4 potions of magic
 f - 10 potions of heal wounds {@q2}
 k - 6 potions of might
 l - 3 potions of berserk rage {unknown}
 m - 4 potions of mutation {!q}
 n - 3 potions of cancellation
 p - 2 potions of haste {unknown}
 r - 5 potions of lignification {!q}
 z - a potion of resistance {unknown}
 D - 3 potions of flight {unknown}
 H - 6 potions of curing {@q1}
 R - 2 potions of brilliance {unknown}
 Y - a potion of attraction {unknown}
 Z - 2 potions of ambrosia {unknown}
Miscellaneous
 B - a phial of floods

Dungeon Overview and Level Annotations

Branches:
Dungeon (15/15)            Temple (1/1) D:4            Lair (0/5) D:9
    Orc (0/2) D:10         Vaults (0/5) D:13         Depths (1/4) D:15
 Bailey (visited)           IceCv (visited)

Altars:
Ashenzari
Cheibriados
Elyvilon
Fedhas
Gozag
Hepliaklqana
Kikubaaqudgha
Makhleb
Nemelex Xobeh
Okawaru
Qazlal
Ru
Sif Muna
Trog
Uskayaw
Vehumet
Wu Jian
Xom
Yredelemnul
Zin
The Shining One

Shops:
D:10 (   D:14 ?

Portals:
Abyss: D:14

Annotations:
D:9 exclusion: downstairs
D:10 exclusion: downstairs
D:14 2 transporters, Uqorphet's ghost, journeyman DECj
Temple 2 transporters

▒........................
▒..▒....<[....[..........
▒.▒...............▒.....
.▒..▒....................
▒...▒.................▒
.....▒.....[(.).......▒▒▒
.....▒..................▒
[▒▒.....i................
▒..▒▒...YD...............
▒....▒.R.................
▒.▒.▒.i▒▒..........~....
▒....▒.▒▒▒.........~....
..▒▒....▒.......~♣.......
....▒..)▒......~~P...▒▒..
.......i.......~~~.... .
................~~.....
▒....▒▒...i....♣~


You could see a death yak (summoned, berserk), a rakshasa, a spriggan rider and
a spriggan berserker (berserk, regenerating, strong-willed).


Message History

You closely miss the spriggan berserker.
The spriggan berserker is severely wounded.
The death yak gores you!!
The spriggan berserker hits you with a +1 antimagic war axe!!
You feel your power leaking away.
The spriggan rider hits you from afar with a +0 spear!
* * * LOW HITPOINT WARNING * * *
You maul the spriggan berserker!!!
You kill the spriggan berserker!
The spriggan berserker's corpse shimmers and vanishes!
The death yak barely misses you.
The spriggan berserker hits you with a +1 antimagic war axe!
* * * LOW HITPOINT WARNING * * *
You feel your power leaking away.
The spriggan rider hits you from afar with a +0 spear!
* * * LOW HITPOINT WARNING * * *
The death yak gores you!!
* * * LOW HITPOINT WARNING * * *
Unknown command.
Unknown command.
You hit the spriggan berserker.
You tail-slap the spriggan berserker, but do no damage.
You bite the spriggan berserker.
The spriggan berserker is almost dead.
The spriggan berserker hits you with a +1 antimagic war axe!!
* * * LOW HITPOINT WARNING * * *
The rakshasa hits you from afar with a +0 trident.
* * * LOW HITPOINT WARNING * * *
The death yak gores you!!
You die...

Action                   |  1- 3 |  4- 6 |  7- 9 | 10-12 | 13-15 || total
-------------------------+-------+-------+-------+-------+-------++-------
Melee: Unarmed           |    89 |   111 |       |    61 |   380 ||   641
       Headbutt          |     9 |    14 |       |       |       ||    23
       Tailslap          |     5 |    11 |    18 |    49 |    72 ||   155
       Kick              |    17 |    14 |       |       |       ||    31
       Punch             |     3 |     2 |       |     2 |    31 ||    38
       Battleaxe         |       |    25 |   148 |   215 |     3 ||   391
       Bite              |       |       |       |     4 |    57 ||    61
 Fire: Sling             |       |    27 |   110 |   233 |    17 ||   387
Throw: Dart              |       |       |       |     5 |       ||     5
 Cast: Beastly Appendage |    18 |    20 |       |       |       ||    38
       Wereblood         |       |     1 |    10 |    24 |    13 ||    48
       Dragon Form       |       |       |       |    12 |    34 ||    46
       Statue Form       |       |       |       |       |     2 ||     2
Invok: Divine Shield     |       |       |       |       |     2 ||     2
 Abil: Breathe Dispellin |       |       |       |     1 |     2 ||     3
       End Transformatio |       |       |       |       |     1 ||     1
Evoke: Wand              |       |       |       |     2 |       ||     2
  Use: Potion            |       |       |     4 |       |       ||     4
       Scroll            |       |       |     2 |    13 |    13 ||    28
Armor: Skin              |    43 |    59 |    82 |   179 |   232 ||   595
Dodge: Dodged            |    58 |    69 |   132 |   287 |   188 ||   734
Block: Other             |       |       |       |       |    10 ||    10

Levels and vault maps discovered:
D:1:      matt_arrival_los_fun, layout_loops_corners,
          shapermc_ecumenical_altar_ellora, st_stairs_11, minmay_octomino_j4
D:2:      layout_rooms, chequers_serial_rivers_room_a, nrook_uturn, uniq_robin,
          uniq_jessica, uniq_crazy_yiuf_cottage
D:3:      layout_loops_ring, mainiacjoe_overflow_catwalk_spiral,
          pf_guarded_unrand_woodcutter
D:4:      layout_rooms, mainiacjoe_overflow_cross_hatched,
          lemuel_temple_firewalk_b, uniq_blork_the_orc, uniq_grinder
D:5:      layout_cave_pools, uniq_prince_ribbit1, uniq_eustachio
D:6:      wander_river, layout_loops_ring
D:7:      minmay_cornered_nines, layout_rooms
D:8:      layout_loops_ring, grunt_decor_mini_mirrors, st_stairs_3,
          minmay_misc_feat_doors, hangedman_decor_diamond_cutter
D:9:      layout_gridville, lair_entry_dummy, enter_bailey_2
D:10:     layout_basic, orc_david_3, serial_shops, nicolae_shop_behind_doors
D:11:     layout_basic, uniq_sonja
D:12:     kb_forest_paths, layout_long_grid, nicolae_uskayaw_en_pointe
D:13:     minmay_heptahexagon, layout_irregular_city, david_vaults_1
D:14:     layout_roguey, serial_shops, nicolae_shop_trees, bh_walls_and_bars,
          gammafunk_ghost_abyssal_escape, kennysheep_generic_room_8
D:15:     gammafunk_enter_depths_forms, layout_basic,
          portal_ice_cave_entry_frozen_things, xom_redecorated, uniq_josephine
Temple:   hellmonk_temple_divided_pantheon
Depths:1: layout_cave_pools, abyss_entry,
          nicolae_hepliaklqana_ecumenical_no_more, hell_entry,
          serial_sigils_hangedman_confine, serial_bayou_pond_e,
          kennysheep_inner_square, uniq_enchantress

Notes
Turn   | Place    | Note
-------+----------+-------------------------------------------
     0 | D:1      | sanka the Draconian Transmuter began the quest for the Orb.
     0 | D:1      | Reached XP level 1. HP: 16/16 MP: 3/3
   239 | D:1      | Reached XP level 2. HP: 22/23 MP: 5/5
   366 | D:2      | Noticed Jessica
   375 | D:2      | Killed Jessica
   376 | D:2      | Reached XP level 3. HP: 18/28 MP: 6/6
   378 | D:2      | Reached skill level 3 in Transmutations
  1036 | D:1      | Found a faded altar of an unknown god.
  1164 | D:1      | Reached skill level 4 in Unarmed Combat
  1629 | D:2      | Reached XP level 4. HP: 33/35 MP: 7/7
  1732 | D:2      | Learned a level 2 spell: Wereblood
  1736 | D:2      | Learned a level 3 spell: Spider Form
  2013 | D:2      | Found a runed translucent door.
  2014 | D:2      | Noticed Crazy Yiuf
  2202 | D:2      | Noticed Robin
  2215 | D:2      | Killed Robin
  2386 | D:3      | Reached XP level 5. HP: 15/40 MP: 8/8
  2677 | D:3      | Found a bloodstained altar of Trog.
  2683 | D:3      | Found an ornate altar of the Wu Jian Council.
  2794 | D:3      | Reached skill level 4 in Transmutations
  2950 | D:3      | Identified the +4 sling "Doogujul" {venom, rC+ rCorr Dex-4}
  3310 | D:3      | Reached skill level 2 in Dodging
  3310 | D:3      | Reached skill level 5 in Unarmed Combat
  3544 | D:4      | Found a stormy altar of Qazlal.
  3626 | D:4      | Noticed Blork the orc
  3636 | D:4      | Killed Blork the orc
  3637 | D:4      | Reached skill level 2 in Fighting
  3637 | D:4      | Reached XP level 6. HP: 37/48 MP: 9/9
  3963 | D:4      | Found a staircase to the Ecumenical Temple.
  3963 | D:4      | Noticed Grinder
  3991 | D:4      | Paralysed by Grinder for 5 turns
  4006 | D:4      | Killed Grinder
  4007 | D:4      | Reached skill level 3 in Fighting
  4007 | D:4      | Reached skill level 3 in Dodging
  4007 | D:4      | Reached skill level 5 in Transmutations
  4007 | D:4      | Your scales start taking on a rich purple colour.
  4007 | D:4      | Reached XP level 7. HP: 31/57 MP: 10/10
  4541 | Temple   | Entered the Ecumenical Temple
  4541 | Temple   | Found a transporter.
  4541 | Temple   | Found a transporter.
  4543 | Temple   | Found a transporter.
  4543 | Temple   | Found a transporter.
  4560 | Temple   | Became a worshipper of the Shining One
  4602 | D:5      | Entered Level 5 of the Dungeon
  4611 | D:5      | Noticed Prince Ribbit
  5130 | D:5      | Reached skill level 4 in Fighting
  5130 | D:5      | Reached skill level 6 in Unarmed Combat
  5157 | D:5      | Reached XP level 8. HP: 21/66 MP: 11/11
  5404 | D:5      | Noticed Eustachio
  5417 | D:5      | Killed Eustachio
  5418 | D:5      | Reached skill level 4 in Dodging
  5418 | D:5      | Reached skill level 1 in Invocations
  5484 | D:5      | Killed Prince Ribbit
  5485 | D:5      | Reached skill level 6 in Transmutations
  5705 | D:5      | Reached skill level 2 in Invocations
  5904 | D:5      | Reached skill level 5 in Fighting
  6471 | D:6      | Reached skill level 3 in Invocations
  6481 | D:6      | Reached XP level 9. HP: 72/74 MP: 12/12
  6515 | D:6      | Reached skill level 7 in Unarmed Combat
  6579 | D:6      | Reached skill level 5 in Dodging
  6761 | D:6      | Identified the +10 sling "Leviticus" {venom, rF++ Dex-5}
  6977 | D:6      | Reached * piety under the Shining One
  7087 | D:6      | Reached skill level 6 in Fighting
  7087 | D:6      | Reached skill level 4 in Invocations
  7122 | D:6      | Reached skill level 7 in Transmutations
  7509 | D:7      | HP: 1/78 [orc warrior/+0 glaive (15)]
  7927 | D:7      | Noticed a deep elf pyromancer
  7943 | D:7      | HP: 3/78 [killer bee[a deep elf pyromancer] (5)]
  8388 | D:7      | Killed a deep elf pyromancer
  8389 | D:7      | Reached skill level 5 in Invocations
  8406 | D:7      | Reached XP level 10. HP: 45/84 MP: 11/13
  8409 | D:7      | Reached skill level 6 in Dodging
  8930 | D:8      | Reached skill level 8 in Unarmed Combat
  8962 | D:8      | Reached skill level 7 in Fighting
  9023 | D:8      | Reached skill level 8 in Transmutations
  9099 | D:8      | Identified a +1 robe of the Archmagi
  9468 | D:8      | Reached skill level 6 in Invocations
  9985 | D:9      | Found a staircase to the Lair.
  9996 | D:9      | Learned a level 7 spell: Dragon Form
 10039 | D:9      | Reached ** piety under the Shining One
 10055 | D:9      | Reached skill level 3 in Spellcasting
 10106 | D:9      | Found a flagged portal.
 10286 | Bailey   | Entered a bailey
 10372 | Bailey   | Reached skill level 9 in Transmutations
 10531 | Bailey   | Identified a +0 crystal plate armour
 10628 | Bailey   | Found a large runed translucent door.
 10628 | Bailey   | Found a large runed translucent door.
 10629 | Bailey   | Noticed an orc knight
 10629 | Bailey   | Noticed a deep elf pyromancer
 10671 | Bailey   | Killed an orc knight
 10672 | Bailey   | Reached skill level 4 in Spellcasting
 10819 | Bailey   | Killed a deep elf pyromancer
 10820 | Bailey   | Reached XP level 11. HP: 78/93 MP: 17/17
 10916 | Bailey   | Learned a level 4 spell: Petrify
 10987 | D:9      | Reached skill level 10 in Transmutations
 11473 | D:9      | Paralysed by a hornet for 1 turns
 11659 | D:10     | Entered Level 10 of the Dungeon
 12068 | D:10     | Reached skill level 11 in Transmutations
 12135 | D:10     | Found a staircase to the Orcish Mines.
 12279 | D:10     | Found Bamudack's Weapon Shoppe.
 12471 | D:11     | Noticed Sonja
 12472 | D:11     | Noticed Sonja
 12472 | D:11     | Sonja changed into Sonja the sky beast
 12472 | D:11     | Noticed a boulder beetle
 12486 | D:11     | Killed Sonja the sky beast
 12539 | D:11     | Killed a boulder beetle
 12540 | D:11     | Reached skill level 12 in Transmutations
 12670 | D:11     | Noticed a boulder beetle
 12683 | D:11     | Killed a boulder beetle
 12868 | D:11     | Noticed a two-headed ogre
 13114 | D:11     | Killed a two-headed ogre
 13115 | D:11     | Reached skill level 5 in Spellcasting
 13115 | D:11     | Reached skill level 13 in Transmutations
 13300 | D:11     | Noticed a centaur warrior
 13317 | D:11     | Killed a centaur warrior
 13367 | D:11     | Reached XP level 12. HP: 94/101 MP: 17/19
 13506 | D:12     | Reached skill level 14 in Transmutations
 13515 | D:12     | Identified +0 acid dragon scales
 13887 | D:12     | Reached *** piety under the Shining One
 14129 | D:12     | Found a hide-covered altar of Uskayaw.
 14248 | D:12     | Noticed a two-headed ogre
 14258 | D:12     | Killed a two-headed ogre
 14259 | D:12     | Reached skill level 8 in Fighting
 14341 | D:12     | Reached skill level 7 in Dodging
 14349 | D:12     | Reached skill level 9 in Unarmed Combat
 14542 | D:12     | Noticed a four-headed hydra
 14548 | D:12     | Killed a six-headed hydra
 14549 | D:12     | Reached skill level 15 in Transmutations
 14644 | D:12     | Reached skill level 9 in Fighting
 14927 | D:13     | Reached **** piety under the Shining One
 15106 | D:13     | Noticed a centaur warrior
 15115 | D:13     | Killed a centaur warrior
 15116 | D:13     | Reached XP level 13. HP: 111/111 MP: 12/20
 15122 | D:13     | Reached skill level 8 in Dodging
 15132 | D:13     | Reached skill level 10 in Unarmed Combat
 15158 | D:13     | Reached skill level 10 in Fighting
 15179 | D:13     | Reached skill level 9 in Dodging
 15249 | D:13     | Learned a level 5 spell: Irradiate
 15253 | D:13     | Found the +0 pair of fencer's gloves {Riposte Dex+3}
 15268 | D:13     | Reached ***** piety under the Shining One
 15281 | D:13     | Reached skill level 1 in Conjurations
 15283 | D:13     | Reached skill level 11 in Unarmed Combat
 15290 | D:13     | Reached skill level 2 in Conjurations
 15299 | D:13     | Reached skill level 11 in Fighting
 15389 | D:13     | Got the Reference Book on Clouds and Grit
 15399 | D:13     | Identified the +1 scimitar of the Changing Boar {vorpal,
                  | Fly rC+ Will- Str+2}
 15420 | D:13     | Noticed a crystal guardian
 15448 | D:13     | Killed a crystal guardian
 15506 | D:13     | Identified a scroll of acquirement
 15672 | D:13     | Reached skill level 3 in Conjurations
 15913 | D:13     | Found a gate to the Vaults.
 15920 | D:13     | Reached XP level 14. HP: 124/124 MP: 21/21
 16431 | D:14     | Found a one-way gate to the infinite horrors of the Abyss.
 16431 | D:14     | Noticed Uqorphet's ghost (journeyman DECj)
 16432 | D:14     | Noticed a tentacled starspawn
 16442 | D:14     | Noticed a tentacled starspawn
 16610 | D:14     | Reached skill level 6 in Spellcasting
 16766 | D:14     | Found Qumimil's Magic Scroll Shoppe.
 16817 | D:14     | Bought a scroll of blinking for 90 gold pieces
 16817 | D:14     | Bought a scroll of silence for 114 gold pieces
 16817 | D:14     | Bought a scroll of amnesia for 48 gold pieces
 16825 | D:14     | Learned a level 6 spell: Statue Form
 16879 | D:14     | Reached skill level 1 in Earth Magic
 16979 | D:14     | Found a transporter.
 16984 | D:14     | Found a transporter.
 16995 | D:14     | Noticed a cacodemon
 17010 | D:14     | Noticed a daeva
 17293 | D:15     | Entered Level 15 of the Dungeon
 17322 | D:15     | Reached skill level 7 in Spellcasting
 17322 | D:15     | Reached skill level 2 in Earth Magic
 17366 | D:15     | Reached skill level 3 in Earth Magic
 17403 | D:15     | Reached skill level 4 in Earth Magic
 17424 | D:15     | Reached skill level 10 in Dodging
 17438 | D:15     | Found a frozen archway.
 17465 | IceCv    | Entered an ice cave
 17751 | IceCv    | Reached skill level 7 in Invocations
 17771 | IceCv    | Reached skill level 12 in Unarmed Combat
 17785 | IceCv    | Noticed a white very ugly thing
 17815 | IceCv    | Reached skill level 12 in Fighting
 17816 | IceCv    | Reached ****** piety under the Shining One
 17938 | IceCv    | Killed a white very ugly thing
 18058 | IceCv    | Noticed a reaper
 18058 | IceCv    | Noticed a reaper
 18064 | IceCv    | Killed a reaper
 18065 | IceCv    | Reached skill level 8 in Invocations
 18067 | IceCv    | Killed a reaper
 18305 | D:15     | Found a shimmering altar of Xom.
 18306 | D:15     | Found a shimmering altar of Xom.
 18308 | D:15     | Found a shimmering altar of Xom.
 18308 | D:15     | Found a shimmering altar of Xom.
 18308 | D:15     | Found a shimmering altar of Xom.
 18309 | D:15     | Found a shimmering altar of Xom.
 18417 | D:15     | Noticed a white very ugly thing
 18424 | D:15     | Killed a white very ugly thing
 18445 | D:15     | Noticed Josephine
 18462 | D:15     | Reached XP level 15. HP: 134/134 MP: 22/25
 18470 | D:15     | Killed Josephine
 18498 | D:15     | Reached skill level 13 in Fighting
 18499 | D:15     | Found a staircase to the Depths.
 18598 | D:15     | Reached skill level 9 in Invocations
 18606 | D:15     | Paralysed by an ogre mage for 5 turns
 18615 | D:15     | Reached skill level 13 in Unarmed Combat
 19262 | D:2      | Killed Crazy Yiuf
 19660 | Depths:1 | Entered Level 1 of the Depths
 19663 | Depths:1 | Noticed the Enchantress
 19782 | D:15     | Killed the Enchantress
 19971 | Depths:1 | Reached skill level 10 in Invocations
 20176 | Depths:1 | HP: 18/205 [spriggan berserker/+1 antimagic war axe (30)]
 20176 | Depths:1 | Slain by a death yak

Vanquished Creatures
  the Enchantress (D:15)
  3 spriggan defenders (D:15)
  2 reapers (IceCv)
  2 very ugly things
  A vampire knight (D:15)
  An ettin (Depths:1)
  A fire dragon (D:15)
  A crystal guardian (D:13)
  2 great orbs of eyes
  An ice dragon (D:15)
  Josephine (D:15)
  3 rakshasas
  4 caustic shrike simulacra (IceCv)
  7 boulder beetles
  6 hydras
  2 spriggan air magi (D:15)
  A catoblepas (D:13)
  An ogre mage (D:15)
  7 two-headed ogres
  12 centaur warriors
  A titan skeleton (Depths:1)
  A golden dragon zombie (Depths:1)
  8 skeletal warriors
  A glowing orange brain (Depths:1)
  2 bog bodies (IceCv)
  A wizard (D:13)
  3 spriggan simulacra (IceCv)
  A necromancer (D:15)
  A lindwurm (shapeshifter) (D:15)
  2 obsidian statues (IceCv)
  2 orc knights
  6 ugly things
  6 deep elf pyromancers
  A tengu skeleton (Depths:1)
  15 cyclopes
  A wolf spider (D:13)
  7 manticores
  A gargoyle (D:13)
  2 kobold demonologists (D:12)
  2 efreet
  2 unseen horrors
  7 freezing wraiths
  A komodo dragon (D:13)
  A yaktaur (D:13)
  A tengu conjurer (Depths:1)
  4 golden dragon simulacra (IceCv)
  3 meliai (D:15)
  Prince Ribbit (D:5)
  6 trolls
  6 hornets
  Grinder (D:4)
  14 slime creatures
  4 shadows
  5 wraiths
  A culicivora (shapeshifter) (D:13)
  11 spriggans
  A centaur simulacrum (D:13)
  29 yaks
  5 basilisks
  3 vampire mosquitoes (D:13)
  Eustachio (D:5)
  2 redbacks (D:13)
  3 water moccasins
  A hydra simulacrum (IceCv)
  3 acid dragons
  14 orc warriors
  3 sky beasts
  3 black bears
  3 ogres
  An ice beast (D:5)
  2 ettin simulacra (IceCv)
  8 boggarts
  3 phantoms
  7 centaurs
  6 kobold brigands
  Blork the orc (D:4)
  5 bullfrogs
  A gnoll sergeant (D:3)
  3 necrophages
  4 scorpions
  5 wights (D:8)
  14 killer bees
  2 lindwurm simulacra (IceCv)
  6 howler monkeys
  5 hounds
  8 orc priests
  Crazy Yiuf (D:2)
  A gnoll bouda (D:5)
  Jessica (D:2)
  An iguana (D:5)
  12 orc wizards
  Robin (D:2)
  5 adders
  9 gnolls
  A white imp (D:7)
  An ufetubus (D:6)
  2 worms
  2 dart slugs
  50 orcs
  8 ball pythons
  6 bats
  3 endoplasms (D:1)
  A giant cockroach (D:4)
  19 goblins
  8 hobgoblins
  3 jackals (D:1)
  24 kobolds
  5 quokkas
  6 frilled lizards (D:1)
  7 rats
520 creatures vanquished.
